 Dungeon Crawl Stone Soup version 0.31-a0-1074-g0b22e4e0f1 (webtiles) character file.

Game seed: 7153736105065445036

47 ytrimaz the Changeling (level 3, 0/23 HPs)
             Began as an Octopode Shapeshifter on Dec 6, 2023.
             Slain by a centaur zombie (1 damage)
             ... in an ossuary.
             The game lasted 00:01:38 (1361 turns).

ytrimaz the Changeling (Octopode Shapeshifter)      Turns: 1361, Time: 00:01:39

Health: 0/23       AC:  1    Str: 13    XL:     3   Next: 70%
Magic:  3/3        EV: 13    Int: 12    God:
Gold:   96         SH:  0    Dex: 13    Spells: 2/2 levels left

rFire   . .          .
                       - Unarmed
rCold   . . .        (no shield)
rNeg    . . .        (helmet currently unavailable)
rPois   .            (no amulet)
rElec   .            (no ring)
rCorr   .            (no ring)
SInv    .            (no ring)
Will    .....        (no ring)
Stlth   +++          (no ring)
HPRegen 0.23/turn    (no ring)
MPRegen 0.08/turn    (no ring)
                     (no ring)

%: no passive effects
@: beast-form
A: beast (slay +1), almost no armour, amphibious, 8 rings, camouflage 1,
gelatinous body 1, (nimble swimmer 1), tentacles
a: Begin Untransformation


You were in an ossuary.
You were a hulking beast.
You visited 1 branch of the dungeon, and saw 3 of its levels.
You also visited: Ossuary.

You collected 96 gold pieces.


Innate Abilities, Weirdness & Mutations

You are a hulking beast.
Your limbs bulge with bestial killing power. (Slay +1)
You cannot wear most types of armour.
You are amphibious.
You can wear up to eight rings at the same time.
Your skin changes colour to match your surroundings (Stealth+).
Your rubbery body absorbs attacks. (AC +1, EV +1)
((You are camouflaged when in or above water. (Stealth+)))
You have tentacles for arms and can constrict up to eight enemies at once.


   Skills:
 - Level 1.0 Fighting
 + Level 2.8 Dodging
 + Level 2.4 Stealth
 - Level 3.0 Unarmed Combat
 + Level 3.4 Shapeshifting


You had 2 spell levels left.
You didn't know any spells.
Your spell library contained the following spells:

 Spells                   Type           Power      Damage    Failure   Level
 Dazzling Flash           Conj/Hex       0%         N/A       69%         3
 Agony                    Necr           0%         N/A       100%        5
 Silence                  Hex/Air        0%         N/A       100%        5

Inventory:

Talismans
 b - a beast talisman
 c - a flux talisman
Scrolls
 e - 2 scrolls of teleportation
 f - 2 scrolls of poison
 i - a scroll of enchant weapon {unknown}
Potions
 a - a potion of lignification
 d - 2 potions of magic {unknown}
 g - a potion of enlightenment {unknown}
 h - 2 potions of resistance
 j - a potion of mutation

Dungeon Overview and Level Annotations

Branches:
Dungeon (4/15) Zot: 16713 Ossuary (1/1) Zot: 5929
 Temple: D:4-7

Altars:

Shops:
D:1

( ##### #...#
#!!.# ##.##
###+### #.#
##.....## ##.+
##...^...###..###
#.........#..hZ.#
+....⌠....'...###
#.........#...'.#
##.......###..###
##.....## ##.'.#
###'### #.### #.#
##.## ##.## #??.#
#.∩.# #!.!#


You could see a centaur zombie.


Message History

The shaft crumbles and collapses.
You hear the hiss of flowing sand.
There is an entrance to an ossuary on this level.
Hurry and find it before the portal is buried!
Found a sand-covered staircase.
You open the door.
There is an open door here.
You now have 96 gold pieces (gained 14).
Found a stone staircase leading down.
Unknown command.
You hear the slow hiss of an avalanche of sand.
There is an open door here.
There is a sand-covered staircase here.
The world spins around you as you enter the gateway.
You enter an ossuary!
Found a gate leading back out of this place.
There is an empty arch of ancient stone here.
Unknown command.
You open the door.
There is an open door here.
You open the door.
There is an open door here.
You see here a potion of degeneration.
h - 2 potions of resistance (gained 1)
d - 2 lumpy coppery potions Unknown command.
g - a sedimented sapphire potion
i - a scroll labelled RAWALU HI UME You see here a potion of degeneration.
You see here a scroll of noise.
j - a potion of mutation You open the door.
A hobgoblin zombie comes into view.
A hobgoblin zombie is nearby!
There is an open door here.
You tentacle-slap the hobgoblin zombie. You grab the hobgoblin zombie.
You squeeze the hobgoblin zombie!
You destroy the hobgoblin zombie!
There is an open door here.
You open the door.
A gnoll zombie comes into view.
There is an open door here.
The helpless gnoll zombie fails to defend itself.
You tentacle-slap the gnoll zombie. You grab the gnoll zombie.
You constrict the gnoll zombie. You bludgeon the gnoll zombie!
You constrict the gnoll zombie.
You destroy the gnoll zombie!
No target in view!
As you open the door, it creaks loudly!
A centaur zombie comes into view.
You barely miss the centaur zombie. The centaur zombie hits you.
The centaur zombie kicks you. 😕 HP[-3]
You take 3 damage, and now have 20/23 hp.
You tentacle-slap the centaur zombie. The centaur zombie hits you.
The centaur zombie barely misses you. The centaur zombie hits you.
The centaur zombie kicks you. 😮 HP[-3]
You take 3 damage, and now have 17/23 hp.
You tentacle-slap the centaur zombie. You squeeze the centaur zombie.
The centaur zombie closely misses you. x2
Unknown command.
You barely miss the centaur zombie. The centaur zombie hits you.
The centaur zombie misses you. 😮 HP[-3]
You take 3 damage, and now have 14/23 hp.
You tentacle-slap the centaur zombie. The centaur zombie barely misses you.
The centaur zombie misses you.
Unknown command.
You tentacle-slap the centaur zombie but do no damage.
The centaur zombie hits you.
The centaur zombie closely misses you. x2
The centaur zombie kicks you.
* * * LOW HITPOINT WARNING * * *
😨 HP[-3]
You take 3 damage, and now have 11/23 hp.
Unknown command.
You tentacle-slap the centaur zombie but do no damage.
The centaur zombie hits you.
* * * LOW HITPOINT WARNING * * *
The centaur zombie barely misses you. 😨 HP[-3]
You take 3 damage, and now have 8/23 hp.
You tentacle-slap the centaur zombie. The centaur zombie hits you.
* * * LOW HITPOINT WARNING * * *
The centaur zombie misses you. 😨 HP[-2]
You take 2 damage, and now have 6/23 hp.
Unknown command.
You tentacle-slap the centaur zombie. You squeeze the centaur zombie.
The centaur zombie hits you.
* * * LOW HITPOINT WARNING * * *
The centaur zombie kicks you but does no damage. 😱 HP[-1]
You take 1 damage, and now have 5/23 hp.
Unknown command.
Okay, then.
Unknown command.
You tentacle-slap the centaur zombie. The centaur zombie hits you.
* * * LOW HITPOINT WARNING * * *
The centaur zombie kicks you.
You die...

Skill      XL: |  1  2  3 |
---------------+----------+-----
Stealth        | 1 2 |  2.4
Fighting       | |  1.0
Dodging        | |  2.8
Unarmed Combat | |  3.0
Shapeshifting  | |  3.4

Action                     || total
---------------------------++-------
  Melee: Unarmed           ||    74
         Tentacles         ||    16
         Constrict         ||    18
         Punch             ||     4
    Use: Scroll            ||     6
   Stab: Sleeping          ||    13
 Armour: Skin              ||    42
  Dodge: Dodged            ||    56

Levels and vault maps discovered:
D:1:      shiori_arrival_elements, layout_loops_ring, serial_shops,
          nicolae_shop_tiny_real_fake_doors,
          dreamdust_ecumenical_altar_drowned_temple, hangedman_decor_push,
          minmay_misc_feat_cross
D:2:      layout_loops_ring
D:4:      layout_loops_ring, cheibriados_altar_1, nicolae_ossuary_entry_plus,
          uniq_crazy_yiuf_cottage
Ossuary:  ossuary_crypta

Notes
Turn   | Place    | Note
-------+----------+-------------------------------------------
     0 | D:1      | ytrimaz the Octopode Shapeshifter began the quest for the
                  | Orb.
     0 | D:1      | Reached XP level 1. HP: 13/13 MP: 1/1
     0 | D:1      | magus.rc [v1.9.6]
   110 | D:1      | Reached skill level 1 in Stealth
   114 | D:1      | Reached XP level 2. HP: 13/18 MP: 2/2
   313 | D:1      | You pick up a book of the Senses and begin reading...
   313 | D:1      | You add the spells Dazzling Flash, Agony and Silence to
                  | your library.
   367 | D:1      | Found a faded altar of an unknown god.
   380 | D:1      | Reached XP level 3. HP: 19/23 MP: 3/3
   503 | D:1      | Reached skill level 2 in Stealth
   554 | D:1      | Found Wyfuz's Weapon Shoppe.
  1235 | D:2      | You fall into a shaft and drop 2 floors!
  1235 | D:4      | Found a sand-covered staircase.
  1291 | Ossuary  | Entered an ossuary
  1360 | Ossuary  | HP: 5/23 [centaur zombie (1)]
  1361 | Ossuary  | HP: 1/23 [centaur zombie (4)]
  1361 | Ossuary  | Slain by a centaur zombie

Vanquished Creatures
  An adder (D:2)
  2 dart slugs (D:1)
  A worm (D:2)
  4 endoplasms
  A gnoll zombie (Ossuary)
  2 jackals (D:1)
  3 kobolds (D:1)
  A quokka (D:2)
  A ball python (D:2)
  9 bats
  A frilled lizard (D:1)
  2 goblins (D:1)
  A hobgoblin zombie (Ossuary)
  4 rats (D:1)
  A spectral hobgoblin (D:1)
34 creatures vanquished.

Table legend:
 A = Non-vault XP
 B = Vault XP
 C = Vault XP percentage of total XP
 D = Non-vault monster count
 E = Vault monster count
 F = Vault count percentage of total count
                 A         B        C        D         E       F
            +---------+---------+-------+---------+---------+-------
      Total |      64 |       4 |   5.9 |      31 |       3 |   8.8
            +---------+---------+-------+---------+---------+-------
        D:1 |      38 |       1 |   2.6 |      24 |       1 |   4.0
        D:2 |      26 |       0 |   0.0 |       7 |       0 |   0.0
    Ossuary |       0 |       3 | 100.0 |       0 |       2 | 100.0
            +---------+---------+-------+---------+---------+-------

Skill      XL: |  1  2  3 |
---------------+----------+-----
Stealth        | 1 2 |  2.4
Fighting       | |  1.0
Dodging        | |  2.8
Unarmed Combat | |  3.0
Shapeshifting  | |  3.4

Action                     || total
---------------------------++-------
  Melee: Unarmed           ||    74
         Tentacles         ||    16
         Constrict         ||    18
         Punch             ||     4
    Use: Scroll            ||     6
   Stab: Sleeping          ||    13
 Armour: Skin              ||    42
  Dodge: Dodged            ||    56

Illustrated notes

Table legend:
 A = Kills in this place as a percentage of kills in the entire game.
 B = Kills by you in this place as a percentage of kills by you in the entire game.
 C = Kills by friends in this place as a percentage of kills by friends in the entire game.
 D = Other kills in this place as a percentage of other kills in the entire game.
 E = Experience gained in this place as a percentage of experience gained in the entire game.
 F = Experience gained in this place divided by the number of levels of this place that you have seen.
                   A       B       C       D       E      F
               +-------+-------+-------+-------+-------+----------------------
         Total | 100.0 | 100.0 |   N/A |   N/A | 100.0 |  17.0
       Dungeon |  94.1 |  94.1 |   N/A |   N/A |  95.6 |  21.7
       Ossuary |   5.9 |   5.9 |   N/A |   N/A |   4.4 |   3.0
               +-------+-------+-------+-------+-------+----------------------

Table legend: (Time is in decaauts)
 A = Elapsed time spent in this place.
 B = Non-inter-level travel time spent in this place.
 C = Inter-level travel time spent in this place.
 D = Time resting spent in this place.
 E = Time spent auto-exploring this place.
 F = Levels seen in this place.
 G = Mean time per level.
                   A        B        C        D        E       F      G
               +--------+--------+--------+--------+--------+-----+--------+
         Total |   1355 |   1324 |     31 |      0 |   1053 |   4 |  338.8 |
       Dungeon |   1286 |   1255 |     31 |      0 |   1016 |   3 |  428.7 |
       Ossuary |     69 |     69 |      0 |      0 |     37 |   1 |   69.0 |
               +--------+--------+--------+--------+--------+-----+--------+

Top non-repeatable levels by time:
     D:1: 772 daAuts
     D:2: 457 daAuts
 Ossuary: 69 daAuts
     D:4: 55 daAuts
